 Dungeon Crawl Stone Soup version 0.26.1-11-gd32895ea62 (webtiles) character file.

Game seed: 3467473247202287292

42 phalm the Conjurer (level 3, 4/26 HPs)
             Began as a Demonspawn Conjurer on June 20, 2021.
             Quit the game on level 2 of the Dungeon.
             The game lasted 00:03:02 (1505 turns).

phalm the Conjurer (Demonspawn Conjurer)            Turns: 1505, Time: 00:03:03

Health: 4/26       AC:  2    Str:  7    XL:     3   Next: 35%
Magic:  0/6        EV: 12    Int: 20    God:
Gold:   72         SH:  0    Dex: 11    Spells: 3/6 levels left

rFire    + . .     SeeInvis .   c - +0 short sword
rCold    + . .     Faith    .   (no shield)
rNeg     . . .     Spirit   .   a - +0 robe
rPois    .         Reflect  .   (no helmet)
rElec    .         Harm     .   (no cloak)
rCorr    .         Rampage  .   (no gloves)
Will     .....                  (no boots)
Stlth    ++........             (no amulet)
HPRegen  0.08/turn              F - ring of protection from fire
MPRegen  0.10/turn              (no ring)

@: lethally poisoned (4 -> -9)
A: talons 1, cold resistance 1
a: no special abilities


You were on level 2 of the Dungeon.
You visited 1 branch of the dungeon, and saw 2 of its levels.

You collected 72 gold pieces.


Innate Abilities, Weirdness & Mutations

You have sharp toenails.
Your flesh is cold resistant. (rC+)


   Skills:
 + Level 1.2 Fighting
 - Level 1.7 Dodging
 - Level 1.7 Stealth
 + Level 2.4 Spellcasting
 * Level 4.6 Conjurations


You had 3 spell levels left.
You knew the following spells:

 Your Spells              Type           Power        Failure   Level
m - Magic Dart            Conj           84%          2%          1
s - Searing Ray           Conj           42%          3%          2

Your spell library contained the following spells:

 Spells                   Type           Power        Failure   Level
 Dazzling Flash           Conj/Hex       22%          17%         3
 Fulminant Prism          Conj/Hex       5%           50%         4
 Iskenderun's Mystic Bla  Conj/Tloc      11%          50%         4

Inventory:

Hand Weapons
 c - a +0 short sword (weapon)
   (You took it off a kobold on level 1 of the Dungeon)
Missiles
 b - 26 stones
 e - 11 poisoned darts (quivered)
 g - 24 sling bullets
Armour
 a - a +0 robe (worn)
Jewellery
 F - a ring of protection from fire (left hand)
   (You found it on level 1 of the Dungeon)
Scrolls
 d - a scroll of noise {unknown}
 h - a scroll of blinking {unknown}
Potions
 f - a potion of curing {unknown}
 i - a potion of brilliance {unknown}
 j - a potion of heal wounds {unknown}

Dungeon Overview and Level Annotations

Branches:
Dungeon (2/15)

Altars:

#..#....#
####.#######
#..........#
#.##.......# #.
#.......# ..
#.......# ..
##.......# .
#....>####
#......###@#
#.......###B#
#...<...##.(#
..##.#####.## ^ ...
#...########## ...
#.#.)........#
.....##.#..........#
..................#
....##.#..........#


You could see a worker ant.


Message History

Aiming: Magic Dart (safe; 2% risk of failure)
Press: ? - help, Shift-Dir - straight line, f/p - hobgoblin
Aim: a hobgoblin (poisoned, 0% to evade)
The magic dart hits the hobgoblin. 😎 MP[-1]
You lost 1 mp, and now have 5/6 mp.
Casting: Magic Dart (safe; 2% risk of failure)
Confirm with . or Enter, or press ? or * to list all spells.
Aiming: Magic Dart (safe; 2% risk of failure)
Press: ? - help, Shift-Dir - straight line, f/p - hobgoblin
Aim: a hobgoblin (moderately wounded, poisoned, 0% to evade)
The magic dart hits the hobgoblin but does no damage.
A worker ant comes into view. 😎 MP[-1]
You lost 1 mp, and now have 4/6 mp.
Casting: Magic Dart (safe; 2% risk of failure)
Confirm with . or Enter, or press ? or * to list all spells.
Aiming: Magic Dart (safe; 2% risk of failure)
Press: ? - help, Shift-Dir - straight line, f/p - hobgoblin
Aim: a hobgoblin (heavily wounded, poisoned, 0% to evade)
The magic dart hits the hobgoblin but does no damage. 😎 MP[-1]
You lost 1 mp, and now have 3/6 mp.
Casting: Magic Dart (safe; 2% risk of failure)
Confirm with . or Enter, or press ? or * to list all spells.
Aiming: Magic Dart (safe; 2% risk of failure)
Press: ? - help, Shift-Dir - straight line, f/p - hobgoblin
Aim: a hobgoblin (heavily wounded, poisoned, 0% to evade)
The magic dart hits the hobgoblin.
You kill the hobgoblin!
The worker ant waves its antennae. 😎 MP[-1]
You lost 1 mp, and now have 2/6 mp.
Casting: Magic Dart (safe; 2% risk of failure)
Confirm with . or Enter, or press ? or * to list all spells.
Aiming: Magic Dart (safe; 2% risk of failure)
Press: ? - help, Shift-Dir - straight line, f - worker ant
Aim: a worker ant (0% to evade)
The magic dart hits the worker ant. 😎 MP[-1]
You lost 1 mp, and now have 1/6 mp.
Casting: Magic Dart (safe; 2% risk of failure)
Confirm with . or Enter, or press ? or * to list all spells.
Aiming: Magic Dart (safe; 2% risk of failure)
Press: ? - help, Shift-Dir - straight line, f/p - worker ant
Aim: a worker ant (lightly wounded, 0% to evade)
The magic dart hits the worker ant but does no damage.
The worker ant bites you. 😕 HP[-1] MP[-1]
You take 1 damage, and now have 25/26 hp.
You lost 1 mp, and now have 0/6 mp.
Casting: Magic Dart (safe; 2% risk of failure)
Confirm with . or Enter, or press ? or * to list all spells.
You don't have enough magic to cast that spell. 😕 MP[+1]
The worker ant bites you!
You are poisoned.
The worker ant poisons you! 😮 HP[-6]
You take 6 damage, and now have 19/26 hp.
MASSIVE DAMAGE!! (PAUSE)
You feel sick. 😮 HP[-1]
You take 1 damage, and now have 18/26 hp.
You feel sick. 😮 HP[-1]
You take 1 damage, and now have 17/26 hp.
Casting: Magic Dart (safe; 2% risk of failure)
Confirm with . or Enter, or press ? or * to list all spells.
Aiming: Magic Dart (safe; 2% risk of failure)
Press: ? - help, Shift-Dir - straight line, f/p - worker ant
Aim: a worker ant (lightly wounded, 0% to evade)
The magic dart hits the worker ant but does no damage.
The worker ant bites you.
* * * LOW HITPOINT WARNING * * *
😨 HP[-5] MP[-1]
You take 5 damage, and now have 12/26 hp.
You lost 1 mp, and now have 0/6 mp.
Unknown command.
Throw: 13 darts (poison)
Press: ? - help, Q - select action, (/) - cycle Shift-Dir - straight line, f/p - worker ant
Aim: a worker ant (lightly wounded, 54% to hit)
You throw a poisoned dart.
The poisoned dart barely misses the worker ant.
The worker ant bites you.
* * * LOW HITPOINT WARNING * * *
😨 HP[-3]
You take 3 damage, and now have 9/26 hp.
Throw: 12 darts (poison)
Press: ? - help, Q - select action, (/) - cycle Shift-Dir - straight line, f/p - worker ant
Aim: a worker ant (lightly wounded, 54% to hit)
You throw a poisoned dart.
The poisoned dart closely misses the worker ant.
You feel sick. The worker ant bites you.
* * * LOW HITPOINT WARNING * * *
You are more poisoned.
The worker ant poisons you! 😱 HP[-5]
You take 5 damage, and now have 4/26 hp.
Are you sure you want to abandon this character and quit the game? (Confirm with "yes".)

Skill      XL: |  1  2 |
---------------+-------+-----
Fighting       | 1 |  1.2
Dodging        | |  1.7
Stealth        | |  1.7
Spellcasting   | |  2.4
Conjurations   | |  4.6

Action                   || total
-------------------------++-------
Melee: Unarmed           ||    17
       Short sword       ||     9
       Kick              ||     4
Throw: Dart              ||     8
 Cast: Magic Dart        ||    66
Armor: Robe              ||     9
Dodge: Dodged            ||    25

Levels and vault maps discovered:
D:1:      roderic_crossed_star, layout_loops_cross,
          chequers_serial_rivers_large_a, grunt_decor_arrowhead
D:2:      layout_rooms, minmay_stone_trees_small, uniq_crazy_yiuf_cottage,
          uniq_terence

Notes
Turn   | Place    | Note
-------+----------+-------------------------------------------
     0 | D:1      | phalm the Demonspawn Conjurer began the quest for the Orb.
     0 | D:1      | Reached XP level 1. HP: 13/13 MP: 3/3
     0 | D:1      | magus.rc [v1.9.10]
   283 | D:1      | Gained mutation: You have sharp toenails. [demonic
                  | ancestry]
   283 | D:1      | Reached XP level 2. HP: 19/20 MP: 0/5
   286 | D:1      | Learned a level 2 spell: Searing Ray
   756 | D:1      | Reached skill level 1 in Fighting
   884 | D:1      | Gained mutation: Your flesh is cold resistant. (rC+)
                  | [demonic ancestry]
   884 | D:1      | Reached XP level 3. HP: 14/26 MP: 0/6
  1504 | D:2      | HP: 4/26 [worker ant (4)]
  1505 | D:2      | Quit the game

Vanquished Creatures
  An ooze (D:1)
  A leopard gecko (D:1)
  A ball python (D:1)
  4 giant cockroaches (D:1)
  5 goblins
  6 hobgoblins
  3 jackals (D:2)
  5 bats (D:1)
  2 frilled lizards (D:1)
  2 kobolds (D:1)
  3 rats
33 creatures vanquished.

Table legend:
 A = Non-vault XP
 B = Vault XP
 C = Vault XP percentage of total XP
 D = Non-vault monster count
 E = Vault monster count
 F = Vault count percentage of total count
                 A         B        C        D         E       F
            +---------+---------+-------+---------+---------+-------
      Total |      61 |       0 |   0.0 |      33 |       0 |   0.0
            +---------+---------+-------+---------+---------+-------
        D:1 |      46 |       0 |   0.0 |      25 |       0 |   0.0
        D:2 |      15 |       0 |   0.0 |       8 |       0 |   0.0
            +---------+---------+-------+---------+---------+-------

Illustrated notes

Table legend:
 A = Kills in this place as a percentage of kills in entire the game.
 B = Kills by you in this place as a percentage of kills by you in the entire game.
 C = Kills by friends in this place as a percentage of kills by friends in the entire game.
 D = Other kills in this place as a percentage of other kills in the entire game.
 E = Experience gained in this place as a percentage of experience gained in the entire game.
 F = Experience gained in this place divided by the number of levels of this place that you have seen.
                   A       B       C       D       E      F
               +-------+-------+-------+-------+-------+----------------------
         Total | 100.0 | 100.0 |   N/A |   N/A | 100.0 |  30.5
       Dungeon | 100.0 | 100.0 |   N/A |   N/A | 100.0 |  30.5
               +-------+-------+-------+-------+-------+----------------------

Table legend: (Time is in decaauts)
 A = Elapsed time spent in this place.
 B = Non-inter-level travel time spent in this place.
 C = Inter-level travel time spent in this place.
 D = Time resting spent in this place.
 E = Time spent auto-exploring this place.
 F = Levels seen in this place.
 G = Mean time per level.
                   A        B        C        D        E       F      G
               +--------+--------+--------+--------+--------+-----+--------+
         Total |   1512 |   1488 |     24 |      0 |   1329 |   2 |  756.0 |
       Dungeon |   1512 |   1488 |     24 |      0 |   1329 |   2 |  756.0 |
               +--------+--------+--------+--------+--------+-----+--------+

Top non-repeatable levels by time:
     D:1: 1287 daAuts
     D:2: 225 daAuts
